 Dungeon Crawl Stone Soup version 0.31-a0-188-g5e087ee2ca (webtiles) character file.

Game seed: 3038590446871663578

7593 qw the Markself (level 10, -10/49 (58) HPs)
             Began as a Deep Elf Hunter on June 22, 2023.
             Was a Believer of Okawaru.
             Mangled by a spectral orc knight
             ... wielding a +0 bardiche
             ... summoned by Nergalle
              (12 damage)
             ... on level 10 of the Dungeon.
             The game lasted 00:02:57 (8371 turns).

qw the Markself (Deep Elf Hunter)                   Turns: 8371, Time: 00:02:57

HP:   -10/49 (58)   AC: 15    Str: 14    XL:     10   Next: 97%
MP:   13/13         EV: 24    Int: 14    God:    Okawaru [**....]
Gold: 526           SH:  0    Dex: 29    Spells: 9/9 levels left

rFire   + . .        a - +1 arbalest "With Two Names" {drain, Will+ Dex+4}
rCold   . . .        (shield currently unavailable)
rNeg    . . .        g - +0 ring mail
rPois   +            n - +2 helmet
rElec   +            d - +2 cloak of the Silversmith {rElec rPois Str+5 Dex-5}
rCorr   .            (no gloves)
SInv    .            (no boots)
Will    ++...        (no amulet)
Stlth   +++          k - +6 ring of dexterity
HPRegen 0.28/turn    r - ring of protection from fire
MPRegen 0.13/turn

%: no passive effects
@: about to teleport, heroic, heavily drained
A: iridescent scales 1, agile 1, low MP 1
a: Renounce Religion, Heroism


You were on level 10 of the Dungeon.
You worshipped Okawaru.
Okawaru was pleased with you.
You visited 1 branch of the dungeon, and saw 10 of its levels.

You collected 526 gold pieces.


Innate Abilities, Weirdness & Mutations

You are partially covered in iridescent scales. (AC +2)
You are agile. (Dex +4, Str/Int -1)
Your magical capacity is low. (-10% MP)


   Skills:
 - Level 4.3(9.3) Fighting
 + Level 17.6(22.6) Ranged Weapons
 - Level 2.0(7.0) Armour
 - Level 9.7(14.7) Dodging
 - Level 1.2(6.2) Stealth
 - Level 4.1 Invocations


You had 9 spell levels left.
You didn't know any spells.
Your spell library was empty.

Inventory:

Hand Weapons
 a - the +1 arbalest "With Two Names" (weapon) {drain, Will+ Dex+4}
   (You acquired it on level 1 of the Dungeon)

   Dex:       It affects your dexterity (+4).
   Will:      It increases your willpower.
Armour
 d - the +2 cloak of the Silversmith (worn) {rElec rPois Str+5 Dex-5}
   (You acquired it on level 1 of the Dungeon)

   Str:       It affects your strength (+5).
   Dex:       It affects your dexterity (-5).
   rElec:     It insulates you from electricity.
   rPois:     It protects you from poison.
 g - a +0 ring mail (worn)
 m - a +1 cloak
 n - a +2 helmet (worn)
 o - a +0 troll leather armour
Jewellery
 k - a +6 ring of dexterity (left hand)
 r - a ring of protection from fire (right hand)
Scrolls
 h - a scroll of teleportation
 j - 4 scrolls of enchant weapon
 l - 3 scrolls of identify
Potions
 b - a potion of cancellation
 c - a potion of heal wounds
 e - a potion of might
 f - 5 potions of curing
 i - 2 potions of mutation
 p - a potion of attraction {unknown}

Dungeon Overview and Level Annotations

Branches:
Dungeon (10/15)            Temple (0/1) D:6            Lair (0/5) D:10
    Orc: D:9-12

Altars:
Cheibriados
Elyvilon
Fedhas
Okawaru
Trog
Vehumet
Wu Jian
Yredelemnul
The Shining One

Shops:
D:1 ??:

Annotations:
D:9 4 transporters
D:10 Nergalle


Message History

The spectral orc warlord barely misses you.
Nergalle completely misses you.
The spectral orc knight hits you but does no damage.
The spectral orc barely misses you. x2
The spectral orc warrior hits you with a +0 short sword.
You feel drained.
The spectral orc warrior closely misses you.
The spectral orc warrior completely misses you.
The spectral orc knight hits you with a +0 great mace.
The spectral orc warlord completely misses you.
You shoot a bolt.
The bolt hits the spectral orc warlord!!
The spectral orc warlord is severely damaged.
Nergalle barely misses you.
The spectral orc knight closely misses you.
The spectral orc misses you. The spectral orc completely misses you.
The spectral orc warrior hits you but does no damage.
The spectral orc warrior misses you.
The spectral orc knight completely misses you.
The spectral orc warlord completely misses you.
The spectral orc warrior closely misses you.
You shoot a bolt.
The bolt hits the spectral orc warlord!!
The spectral orc warlord is almost destroyed.
Nergalle closely misses you.
The spectral orc knight barely misses you.
The spectral orc hits you but does no damage.
The spectral orc completely misses you.
The spectral orc warrior hits you with a +0 short sword.
You feel drained.
The spectral orc warrior completely misses you.
The spectral orc knight misses you.
The spectral orc warlord hits you with a +0 battleaxe.
You feel drained. The spectral orc warrior misses you.
8371 ||| READING 2 scrolls of teleportation.
As you read the scroll of teleportation, it crumbles to dust.
You feel strangely unstable. Nergalle hits you but does no damage.
The spectral orc knight hits you from afar with a +0 bardiche!
You die...

########## .........#
<......Z.#
.....ZZZZ###############
......o@Z...............
......ZZZ###############
.######### # # ## #.
############.
#............


You could see Nergalle, 2 spectral orcs, 4 spectral orc warriors, 2 spectral orc
knights and a spectral orc warlord (summoned).

Vanquished Creatures
  Gastronok (D:8)
  Harold (D:10)
  Pikel (D:6)
  An elephant (D:10)
  Maurice (D:8)
  A troll (D:10)
  A wyvern (D:9)
  2 steam dragons
  A yak (D:10)
  A basilisk (D:10)
  Eustachio (D:5)
  Menkaure (D:5)
  An acid dragon (D:4)
  2 water moccasins
  2 black bears
  An ice beast (D:6)
  2 orc warriors
  Duvessa (D:5)
  An ogre (D:5)
  4 centaurs
  A lemure (D:6)
  3 phantoms
  A kobold brigand (D:7)
  3 bullfrogs
  2 gnoll sergeants
  4 scorpions
  3 wights (D:6)
  Dowan (D:5)
  7 killer bees (D:9)
  A howler monkey (D:4)
  2 hounds
  A jelly (D:8)
  5 orc priests
  Jessica (D:2)
  5 iguanas
  8 orc wizards
  Terence (D:3)
  8 gnolls
  10 adders
  3 shadow imps
  3 white imps
  2 worms (D:3)
  6 dart slugs
  36 orcs
  6 ball pythons
  15 endoplasms
  4 giant cockroaches
  5 goblins
  7 hobgoblins
  4 jackals
  4 quokkas
  2 bats (D:3)
  3 frilled lizards
  14 kobolds
  5 rats
213 creatures vanquished.

Notes
Turn   | Place    | Note
-------+----------+-------------------------------------------
     0 | D:1      | qw the Deep Elf Hunter began the quest for the Orb.
     0 | D:1      | Reached XP level 1. HP: 12/12 MP: 3/3
     0 | D:1      | 0 ||| qw: Version: 0.3-a-9-g12657ce
     0 | D:1      | 0 ||| qw: Game counter: 2821
     0 | D:1      | 0 ||| qw: Always use a shield: true
     0 | D:1      | 0 ||| qw: God list: Okawaru
     0 | D:1      | 0 ||| qw: Allow faded altars: false
     0 | D:1      | 0 ||| qw: Do Orc after D:15 true
     0 | D:1      | 0 ||| qw: Do second Lair branch before Depths: true
     0 | D:1      | 0 ||| qw: Lair rune preference: random
     0 | D:1      | 0 ||| qw: Plans: Normal
     0 | D:1      | 0 ||| PLANNING D:1-11
     6 | D:1      | Noticed a polar bear
     6 | D:1      | Noticed a swamp drake
     7 | D:1      | Noticed a black mamba
     7 | D:1      | Noticed a hog
    77 | D:1      | Found Ciod's Magic Scroll Emporium.
    82 | D:1      | 82 ||| SHOPLISTING scroll of enchant weapon (90 gold, have
                  | 0).
    82 | D:1      | 82 ||| SHOPLISTING scroll of identify (24 gold, have 0).
    98 | D:1      | Found Yrghuhy's Magic Scroll Boutique.
   168 | D:1      | Found Niubb's Book Emporium.
   179 | D:1      | Found a faded altar of an unknown god.
   231 | D:1      | Reached XP level 2. HP: 12/16 MP: 4/4
   278 | D:1      | Reached skill level 6 in Ranged Weapons
   523 | D:1      | 523 ||| SHOPLISTING 2 scrolls of identify (44 gold, have
                  | 11).
   523 | D:1      | 523 ||| SHOPLISTING scroll of enchant armour (82 gold, have
                  | 11).
   523 | D:1      | 523 ||| SHOPLISTING scroll of identify (22 gold, have 11).
   523 | D:1      | 523 ||| SHOPLISTING scroll of teleportation (33 gold, have
                  | 11).
   785 | D:1      | 785 ||| DROPPING amulet of magic regeneration.
   786 | D:1      | 786 ||| READING 3 scrolls labelled KAOKARH IPHURR.
   786 | D:1      | Identified 3 scrolls of acquirement
   786 | D:1      | 786 ||| ACQUIRING +0 hand crossbow of flaming
   786 | D:1      | Acquired a +0 hand crossbow of flaming
   787 | D:1      | 787 ||| READING 2 scrolls of acquirement.
   787 | D:1      | 787 ||| ACQUIRING +2 cloak of the Silversmith {rElec rPois
                  | Str+5 Dex-5}
   787 | D:1      | Acquired the +2 cloak of the Silversmith {rElec rPois Str+5
                  | Dex-5}
   788 | D:1      | 788 ||| READING scroll of acquirement.
   788 | D:1      | 788 ||| ACQUIRING +1 arbalest "With Two Names" {drain,
                  | Will+ Dex+4}
   788 | D:1      | Acquired the +1 arbalest "With Two Names" {drain, Will+
                  | Dex+4}
   790 | D:1      | 790 ||| SWAPPING to +1 arbalest "With Two Names" {drain,
                  | Will+ Dex+4}.
   791 | D:1      | 791 ||| DROPPING +0 shortbow.
   792 | D:1      | 792 ||| UPGRADING to +2 cloak of the Silversmith {rElec
                  | rPois Str+5 Dex-5}.
   797 | D:1      | 797 ||| DROPPING scroll of butterflies.
   819 | D:2      | 819 ||| STAIRDANCE
   824 | D:1      | Reached XP level 3. HP: 18/20 MP: 5/5
   838 | D:2      | Noticed Jessica
   839 | D:2      | Killed Jessica
   840 | D:2      | Reached skill level 7 in Ranged Weapons
  1008 | D:2      | Reached XP level 4. HP: 25/25 MP: 6/6
  1295 | D:2      | Reached skill level 8 in Ranged Weapons
  1415 | D:2      | 1415 ||| UPGRADING to +0 ring mail.
  1425 | D:2      | 1425 ||| DROPPING +0 leather armour.
  1426 | D:2      | 1426 ||| READING scroll labelled TOXOWI NAWEOZAIM.
  1427 | D:2      | 1427 ||| READING 3 scrolls labelled LEPSIHYOBYR.
  1428 | D:2      | 1428 ||| READING scroll labelled KODETO OQUPHE.
  1839 | D:2      | 1839 ||| READING scroll labelled TACVEO SYURAURCH.
  1980 | D:3      | Reached XP level 5. HP: 23/29 MP: 7/7
  2072 | D:3      | Noticed Terence
  2076 | D:3      | Killed Terence
  2409 | D:3      | 2409 ||| UPGRADING to +0 helmet.
  2414 | D:3      | 2414 ||| READING scroll labelled ZASHEU ZIRUCW.
  2415 | D:3      | 2415 ||| READING scroll labelled MAQ GOWNIMMI.
  2416 | D:3      | 2416 ||| READING scroll labelled ROPPIC MOSAN.
  2417 | D:3      | 2417 ||| DRINKING 3 bubbling dark potions.
  2417 | D:3      | Gained mutation: Your magical capacity is low. (-10% MP)
                  | [potion of mutation]
  2417 | D:3      | Gained mutation: You are partially covered in iridescent
                  | scales. (AC +2) [potion of mutation]
  2417 | D:3      | Gained mutation: You are agile. (Dex +4, Str/Int -1)
                  | [potion of mutation]
  2418 | D:3      | 2418 ||| READING 2 scrolls of identify.
  2418 | D:3      | 2418 ||| IDENTIFYING brown potion
  2419 | D:3      | 2419 ||| DROPPING potion of invisibility.
  2462 | D:4      | Reached skill level 3 in Dodging
  2500 | D:4      | Reached skill level 9 in Ranged Weapons
  2501 | D:4      | Reached XP level 6. HP: 35/35 MP: 7/7
  2513 | D:4      | Reached skill level 1 in Armour
  2544 | D:4      | Found a white marble altar of Elyvilon.
  2545 | D:4      | Found an iron altar of Okawaru.
  2545 | D:4      | Found an ornate altar of the Wu Jian Council.
  2545 | D:4      | Found a radiant altar of Vehumet.
  2546 | D:4      | 2546 ||| PLANNING OKAWARU WORSHIP
  2549 | D:4      | 2549 ||| DROPPING +6 ring of intelligence.
  2557 | D:4      | Became a worshipper of Warmaster Okawaru
  2558 | D:4      | 2558 ||| PLANNING D:1-11
  2659 | D:4      | Noticed an acid dragon
  2663 | D:4      | Killed an acid dragon
  2664 | D:4      | Reached skill level 10 in Ranged Weapons
  2664 | D:4      | Reached XP level 7. HP: 26/40 MP: 8/8
  2961 | D:4      | 2961 ||| READING scroll labelled CECAX MIJAMUCH.
  2962 | D:4      | 2962 ||| DRINKING 2 clear potions.
  2991 | D:5      | Entered Level 5 of the Dungeon
  2995 | D:5      | Reached * piety under Okawaru
  3065 | D:5      | Noticed Eustachio
  3066 | D:5      | 3066 ||| INVOKING Heroism.
  3104 | D:5      | HP: 8/40 [Eustachio/+0 rapier of protection (5)]
  3106 | D:5      | Killed Eustachio
  3255 | D:5      | 3255 ||| INVOKING Heroism.
  3259 | D:5      | Reached skill level 1 in Invocations
  3416 | D:5      | Noticed Menkaure
  3417 | D:5      | 3417 ||| INVOKING Heroism.
  3418 | D:5      | Killed Menkaure
  3468 | D:5      | Reached skill level 11 in Ranged Weapons
  3468 | D:5      | Reached skill level 3 in Invocations
  3468 | D:5      | Reached XP level 8. HP: 44/44 MP: 11/11
  3494 | D:5      | Found a snail-covered altar of Cheibriados.
  3501 | D:5      | 3501 ||| INVOKING Heroism.
  3602 | D:5      | Noticed Duvessa
  3603 | D:5      | 3603 ||| INVOKING Heroism.
  3603 | D:5      | Noticed Dowan
  3606 | D:5      | Killed Duvessa
  3612 | D:5      | Killed Dowan
  3613 | D:5      | Reached skill level 12 in Ranged Weapons
  3690 | D:5      | Identified the +6 dagger of the Warrior {flame, Fragile
                  | rCorr Str+3 Stlth+}
  3827 | D:5      | 3827 ||| READING 2 scrolls of identify.
  3827 | D:5      | 3827 ||| IDENTIFYING viscous dark potion
  4031 | D:6      | Reached ** piety under Okawaru
  4032 | D:6      | Reached skill level 3 in Fighting
  4100 | D:6      | Found a staircase to the Ecumenical Temple.
  4506 | D:6      | Noticed Pikel
  4507 | D:6      | 4507 ||| INVOKING Heroism.
  4515 | D:6      | Killed Pikel
  4516 | D:6      | Reached skill level 13 in Ranged Weapons
  4516 | D:6      | Reached XP level 9. HP: 49/51 MP: 10/12
  4564 | D:6      | Reached skill level 14 in Ranged Weapons
  4677 | D:6      | 4677 ||| UPGRADING to +6 ring of dexterity.
  4678 | D:6      | 4678 ||| READING 2 scrolls of identify.
  4678 | D:6      | 4678 ||| IDENTIFYING fuming inky potion
  4757 | D:7      | Reached skill level 6 in Dodging
  4770 | D:7      | 4770 ||| INVOKING Heroism.
  4772 | D:7      | 4772 ||| Stepping ~*~*~tactically~*~*~ (cloud).
  4773 | D:7      | 4773 ||| Stepping ~*~*~tactically~*~*~ (cloud).
  4851 | D:7      | Found a basalt altar of Yredelemnul.
  4854 | D:7      | Noticed a profane servitor
  4866 | D:7      | Found a bloodstained altar of Trog.
  4870 | D:7      | 4870 ||| INVOKING Heroism.
  5409 | D:7      | Found a glowing golden altar of the Shining One.
  5413 | D:7      | Noticed an angel
  5539 | D:7      | Found a blossoming altar of Fedhas.
  5746 | D:7      | 5746 ||| UPGRADING to ring of protection from fire.
  5747 | D:7      | 5747 ||| DROPPING ring of magical power.
  5748 | D:7      | 5748 ||| READING scroll labelled BOMEAMNUPE.
  5749 | D:7      | 5749 ||| READING 2 scrolls labelled FUJATTI TUZOSI.
  5850 | D:7      | 5850 ||| READING scroll labelled IWUIPO CEUT.
  5851 | D:7      | 5851 ||| READING 2 scrolls of identify.
  5851 | D:7      | 5851 ||| IDENTIFYING ruby potion
  5852 | D:7      | 5852 ||| DROPPING potion of ambrosia.
  5853 | D:7      | 5853 ||| DROPPING scroll of silence.
  5962 | D:8      | 5962 ||| INVOKING Heroism.
  5972 | D:8      | Reached skill level 15 in Ranged Weapons
  6008 | D:8      | Noticed Maurice
  6014 | D:8      | Killed Maurice
  6014 | D:8      | Reached *** piety under Okawaru
  6014 | D:8      | Received a gift from Okawaru
  6054 | D:8      | Identified the +3 buckler of Dyspraxia {Str+3 Int+2}
  6125 | D:8      | 6125 ||| INVOKING Heroism.
  6158 | D:8      | 6158 ||| INVOKING Heroism.
  6208 | D:8      | 6208 ||| READING scroll of enchant armour.
  6208 | D:8      | 6208 ||| ENCHANTING +0 helmet.
  6287 | D:8      | Noticed Gastronok
  6288 | D:8      | 6288 ||| INVOKING Heroism.
  6297 | D:8      | Killed Gastronok
  6298 | D:8      | Reached skill level 9 in Dodging
  6298 | D:8      | Reached XP level 10. HP: 42/58 MP: 11/13
  6585 | D:8      | 6585 ||| DROPPING +0 cloak.
  6586 | D:8      | 6586 ||| READING scroll labelled PIN AFAEVU.
  6587 | D:8      | 6587 ||| READING scroll labelled IWALUNAJICW.
  6607 | D:9      | 6607 ||| READING scroll of enchant armour.
  6607 | D:9      | 6607 ||| ENCHANTING +1 helmet.
  6731 | D:9      | Found a transporter.
  6832 | D:9      | 6832 ||| INVOKING Heroism.
  6942 | D:9      | 6942 ||| INVOKING Heroism.
  7268 | D:9      | Found a transporter.
  7270 | D:9      | Found a transporter.
  7289 | D:9      | 7289 ||| INVOKING Heroism.
  7296 | D:9      | Reached skill level 16 in Ranged Weapons
  7360 | D:9      | Found a transporter.
  7372 | D:9      | 7372 ||| READING 4 scrolls of identify.
  7372 | D:9      | 7372 ||| IDENTIFYING golden potion
  7397 | D:10     | Entered Level 10 of the Dungeon
  7400 | D:10     | 7400 ||| STAIRDANCE
  7400 | D:10     | Noticed Harold
  7404 | D:9      | 7404 ||| INVOKING Heroism.
  7492 | D:10     | 7492 ||| STAIRDANCE
  7494 | D:9      | 7494 ||| INVOKING Heroism.
  7593 | D:10     | 7593 ||| STAIRDANCE
  7595 | D:9      | 7595 ||| INVOKING Heroism.
  7662 | D:10     | 7662 ||| STAIRDANCE
  7664 | D:9      | 7664 ||| INVOKING Heroism.
  7754 | D:10     | 7754 ||| STAIRDANCE
  7818 | D:10     | 7818 ||| STAIRDANCE
  7845 | D:10     | 7845 ||| INVOKING Heroism.
  7847 | D:10     | 7847 ||| STAIRDANCE
  7985 | D:10     | 7985 ||| INVOKING Heroism.
  7993 | D:10     | 7993 ||| STAIRDANCE
  8125 | D:10     | 8125 ||| STAIRDANCE
  8165 | D:10     | 8165 ||| INVOKING Heroism.
  8171 | D:10     | Killed Harold
  8265 | D:10     | Noticed an elephant
  8267 | D:10     | Reached skill level 17 in Ranged Weapons
  8267 | D:10     | 8267 ||| INVOKING Heroism.
  8272 | D:10     | Killed an elephant
  8286 | D:10     | Found a staircase to the Lair.
  8355 | D:10     | Noticed Nergalle
  8356 | D:10     | 8356 ||| INVOKING Heroism.
  8359 | D:10     | Noticed a spectral orc warlord
  8370 | D:10     | HP: 10/51 [spectral orc warrior/+0 short sword[Nergalle]
                  | (5)]
  8370 | D:10     | HP: 3/50 [spectral orc warlord/+0 battleaxe[Nergalle] (6)]
  8370 | D:10     | HP: 1/49 [spectral orc warlord/+0 battleaxe[Nergalle] (2)]
  8371 | D:10     | 8371 ||| READING 2 scrolls of teleportation.
  8371 | D:10     | Mangled by a spectral orc knight

Levels and vault maps discovered:
D:1:      onia_arrival_zoo_common, layout_basic,
          chequers_ecumenical_altar_island, serial_shops, shop,
          nicolae_shop_window_shopping, shop, st_stairs_4, minmay_pentomino_p2
D:2:      layout_rooms, serial_co_window_serial, co_window_paths_b,
          co_window_paths_b, co_window_corner_a, co_window_paths_b,
          co_window_paths_a, co_window_2corner, co_window_of_opportunity_c,
          co_window_broadway_a, co_window_corner_cb, co_window_corner_ca,
          co_window_corner_ca, co_window_4corner_b, co_window_4corner_a,
          glass_columns_a, glass_columns_b, glass_columns_c, glass_columns_a,
          minmay_mini_jars, uniq_jessica
D:3:      layout_basic, uniq_terence
D:4:      layout_rooms, grunt_temple_overflow_open
D:5:      layout_gridville, kennysheep_slug_shrine, minmay_manual_maat,
          uniq_menkaure, uniq_eustachio, uniq_duvessa
D:6:      layout_loops_corners, temple_green, lightli_orcish_oven, uniq_pikel
D:7:      layout_basic, grunt_temple_overflow_holy_war, trog_butcher_becter,
          fedhas_altar_3
D:8:      layout_basic, reono_crystal_passage, uniq_gastronok, uniq_maurice
D:9:      layout_loops_ring, nicolae_diode_intersection
D:10:     layout_roguey, david_lair_generic,
          hangedman_abyss_or_decor_lesser_grid, uniq_harold, uniq_urug,
          uniq_nergalle

Skill      XL: |  1  2  3  4  5  6  7  8  9 10 |
---------------+-------------------------------+-----
Ranged Weapons | 6 7 8 9 10 11 13 15 17 | 17.6
Dodging        | 3 5 9 |  9.7
Fighting       | 2 3 4 |  4.3
Armour         | 1 2 |  2.0
Invocations    | 3 4 |  4.1
Stealth        | |  1.2

Action                     |  1- 3 |  4- 6 |  7- 9 | 10-12 || total
---------------------------+-------+-------+-------+-------++-------
   Fire: Shortbow          |    56 |       |       |       ||    56
         Arbalest          |    21 |   134 |   235 |   118 ||   508
 Invoke: Heroism           |       |       |    12 |    12 ||    24
    Use: Scroll            |     3 |     8 |     8 |     5 ||    24
         Potion            |       |     1 |     1 |       ||     2
 Armour: Leather armour    |     8 |     7 |       |       ||    15
         Ring mail         |       |    20 |    55 |    45 ||   120
  Dodge: Dodged            |    26 |    44 |   120 |   269 ||   459

Table legend:
 A = Non-vault XP
 B = Vault XP
 C = Vault XP percentage of total XP
 D = Non-vault monster count
 E = Vault monster count
 F = Vault count percentage of total count
                 A         B        C        D         E       F
            +---------+---------+-------+---------+---------+-------
      Total |    5326 |    5522 |  50.9 |     172 |      40 |  18.9
            +---------+---------+-------+---------+---------+-------
        D:1 |      40 |      12 |  23.1 |      15 |       4 |  21.1
        D:2 |      52 |      79 |  60.3 |      17 |      11 |  39.3
        D:3 |      46 |      32 |  41.0 |      20 |       1 |   4.8
        D:4 |     523 |       0 |   0.0 |      20 |       0 |   0.0
        D:5 |     669 |     594 |  47.0 |      12 |       7 |  36.8
        D:6 |     667 |     656 |  49.6 |      14 |       6 |  30.0
        D:7 |     718 |     334 |  31.7 |      22 |       4 |  15.4
        D:8 |     627 |    1969 |  75.8 |      20 |       2 |   9.1
        D:9 |    1472 |       0 |   0.0 |      25 |       0 |   0.0
       D:10 |     512 |    1846 |  78.3 |       7 |       5 |  41.7
            +---------+---------+-------+---------+---------+-------
